 Dungeon Crawl Stone Soup version 0.26.1-11-gd32895ea62 (webtiles) character file.

Game seed: 2880403239472514075

517 Arcadio the Covert (level 7, -12/45 HPs)
             Began as an Octopode Brigand on May 22, 2021.
             Mangled by an ogre
             ... wielding a +0 giant spiked club
              (30 damage)
             ... on level 4 of the Dungeon.
             The game lasted 00:03:32 (4059 turns).

Arcadio the Covert (Octopode Brigand)               Turns: 4059, Time: 00:03:33

Health: -12/45     AC:  1    Str: 11    XL:     7   Next: 20%
Magic:  7/7        EV: 13    Int: 13    God:
Gold:   135        SH:  0    Dex: 15    Spells: 6/6 levels left

rFire    . . .     SeeInvis .   a - +2 dagger
rCold    . . .     Faith    .   (no shield)
rNeg     . . .     Spirit   .   (helmet restricted)
rPois    .         Reflect  .   (no amulet)
rElec    .         Harm     .   (no ring)
rCorr    .         Rampage  .   (no ring)
Will     .....                  (no ring)
Stlth    +++++.....             (no ring)
HPRegen  0.15/turn              (no ring)
MPRegen  0.10/turn              (no ring)
                                (no ring)
                                (no ring)

@: no status effects
A: almost no armour, stealthy swim, amphibious, 8 rings, constrict 8, camouflage
1, gelatinous body 1
a: no special abilities


You were on level 4 of the Dungeon.
You visited 1 branch of the dungeon, and saw 4 of its levels.

You collected 135 gold pieces.

Inventory:

Hand Weapons
 a - a +2 dagger (weapon)
Missiles
 b - 14 poisoned darts (quivered)
 c - 2 curare-tipped darts
Wands
 l - a wand of polymorph (5)
 p - a wand of flame (19)
Scrolls
 d - a scroll of remove curse {unknown}
 e - 4 scrolls of teleportation {unknown}
 h - a scroll of noise
 j - a scroll of blinking {unknown}
 k - a scroll of magic mapping {unknown}
 n - 3 scrolls of amnesia
Potions
 f - 2 potions of heal wounds {unknown}
 g - 5 potions of curing
 i - 3 potions of might {unknown}
 m - 2 potions of flight
 o - a potion of degeneration {unknown}


   Skills:
 - Level 2.0 Fighting
 + Level 5.5 Short Blades
 - Level 2.0 Throwing
 - Level 1.0 Dodging
 + Level 9.2 Stealth


You had 6 spell levels left.
You didn't know any spells.
Your spell library was empty.

Dungeon Overview and Level Annotations

Branches:
Dungeon (4/15)
 Temple: D:4-7

Altars:
Nemelex Xobeh

Annotations:
D:3 3 runed translucent doors, ZZKoverts's ghost, amateur GnWn


Innate Abilities, Weirdness & Mutations

You cannot wear most types of armour.
You are very stealthy in the water. (Stealth+)
You are amphibious.
You can wear up to eight rings at the same time.
You can use your tentacles to constrict eight enemies at once.
Your skin changes colour to match your surroundings (Stealth+).
Your rubbery body absorbs attacks. (AC +1, EV +1)


Message History

You kill the ogre!
Your Stealth skill increases to level 9!
Things that are here:
a +0 giant spiked club; an ogre corpse The ogre shouts!
You barely miss the ogre. Your squeeze misses the ogre.
The ogre hits you with a +0 giant spiked club!!
Ouch! That really hurt!
You hit the ogre. Your squeeze misses the ogre.
The ogre is lightly wounded.
You hit the ogre. You squeeze the ogre!
The ogre is severely wounded.
The ogre closely misses you.
You hit the ogre but do no damage. You squeeze the ogre.
The ogre is severely wounded.
You barely miss the ogre.
The ogre is severely wounded.
The ogre hits you with a +0 giant spiked club!!
Ouch! That really hurt!
You die...

#.. #.......... .. #...
#.......... ... #..
######+##.##.##
...##..###...##.##.##+##
.............>...'......
.................#......
.......(.()...>..#......
.................#......
......O@.........#......
....##.##...########..##
# ## ##### #..## ....#
.....# # #


You could see an ogre.

Vanquished Creatures
  2 ogres
  A hound (D:4)
  A centaur skeleton (D:4)
  An iguana (D:4)
  3 worker ants (D:4)
  Terence (D:2)
  5 adders
  3 gnolls (D:3)
  An ooze (D:2)
  2 worms (D:2)
  3 dart slugs
  3 leopard geckos
  8 orcs (D:3)
  2 ball pythons (D:1)
  3 giant cockroaches
  7 goblins
  5 hobgoblins
  4 jackals (D:1)
  4 kobolds
  A quokka (D:2)
  A bat (D:2)
  3 frilled lizards
  A jackal skeleton (D:4)
  8 rats
73 creatures vanquished.

Notes
Turn   | Place    | Note
-------+----------+-------------------------------------------
     0 | D:1      | Arcadio the Octopode Brigand began the quest for the Orb.
     0 | D:1      | Reached XP level 1. HP: 14/14 MP: 1/1
    37 | D:1      | Reached XP level 2. HP: 19/19 MP: 2/2
   459 | D:1      | Reached skill level 6 in Stealth
   746 | D:1      | Reached XP level 3. HP: 22/24 MP: 3/3
   908 | D:2      | Noticed an ogre
  1139 | D:2      | Killed an ogre
  1140 | D:2      | Reached skill level 7 in Stealth
  1140 | D:2      | Reached XP level 4. HP: 8/29 MP: 4/4
  1140 | D:2      | Reached XP level 5. HP: 9/34 MP: 5/5
  2146 | D:2      | Noticed Terence
  2153 | D:2      | Killed Terence
  2876 | D:3      | Found a runed translucent gate.
  2877 | D:3      | Found a runed translucent gate.
  2878 | D:3      | Found a runed translucent gate.
  2880 | D:3      | Noticed ZZKoverts's ghost (amateur GnWn)
  2981 | D:3      | Found a sparkling altar of Nemelex Xobeh.
  3166 | D:3      | Reached XP level 6. HP: 31/39 MP: 6/6
  3169 | D:3      | Reached skill level 8 in Stealth
  3909 | D:4      | Reached skill level 5 in Short Blades
  4032 | D:4      | Reached XP level 7. HP: 45/45 MP: 7/7
  4051 | D:4      | Reached skill level 9 in Stealth
  4059 | D:4      | Mangled by an ogre

Illustrated notes

Levels and vault maps discovered:
D:1:      erik_arrival_blinker_ship, layout_rooms, minivault_19
D:2:      layout_basic, serial_rivers, chequers_serial_rivers_room_b,
          chequers_serial_rivers_room_a, chequers_serial_rivers_small_b,
          chequers_serial_rivers_micro_c, chequers_serial_rivers_room_a,
          uniq_terence
D:3:      layout_loops_ring, general_overflow_altar, gammafunk_ghost_necromancy
D:4:      layout_gridville

Skill      XL: |  1  2  3  4  5  6  7 |
---------------+----------------------+-----
Stealth        | 6 7 8 9 |  9.2
Short Blades   | 3 4 5 |  5.5
Fighting       | |  2.0
Throwing       | |  2.0
Dodging        | |  1.0

Action                   |  1- 3 |  4- 6 |  7- 9 || total
-------------------------+-------+-------+-------++-------
Melee: Dagger            |    53 |   102 |     6 ||   161
       Constrict         |    16 |    22 |       ||    38
       Tentacles         |     8 |    21 |     2 ||    31
  Use: Scroll            |       |     4 |       ||     4
 Stab: Sleeping          |     3 |    13 |     1 ||    17
Armor: Skin              |     4 |     2 |       ||     6
Dodge: Dodged            |    30 |    49 |     1 ||    80
